BSA
BAFFIN ISLAND BEAVERS @ FRESNO DEPLORABLES
07/31/2027
 
TOP OF THE 1ST
Baffin Island Beavers batting - Pitching for Fresno Deplorables : RHP Dionisio Penni
Pitching: RHP Dionisio Penni
Batting: LHB Chris Bates 0-0: Ball
1-0: Ball
2-0: Called Strike
2-1: Foul Ball, location: 2F
2-2: Foul Ball, location: 2F
2-2: Ball
3-2: Foul Ball, location: 2F
3-2: Strikes out looking
Batting: SHB Alonso Ferreira 0-0: Ball
1-0: SINGLE (Flyball, 8RS)
Batting: LHB Lorenzo Villa 0-0: Grounds into double play, 4-6-3 (Groundball, 34)
Top of the 1st over - 0 run(s), 1 hit(s), 0 error(s), 0 left on base; Baffin Island 0 - Fresno 0
BOTTOM OF THE 1ST
Fresno Deplorables batting - Pitching for Baffin Island Beavers : RHP Thierry Garneau
Pitching: RHP Thierry Garneau
Batting: RHB Dani Vázquez 0-0: Called Strike
0-1: Foul Ball, location: 2F
0-2: Ball
1-2: Foul Ball, location: 2F
1-2: Foul Ball, location: 2F
1-2: Foul Ball, location: 2F
1-2: Foul Ball, location: 2F
1-2: Ball
2-2: Foul Ball, location: 2F
2-2: Ground out U3 (Groundball, 34)
Batting: LHB Paul Mullins 0-0: Ball
1-0: Ball
2-0: SINGLE (Flyball, 7LS)
Batting: LHB Jeff Daniels 0-0: Ball
Wild Pitch!
Paul Mullins to second
1-0: Called Strike
1-1: Ball
2-1: 2-RUN HOME RUN (Flyball, 9D), Distance : 366 ft
Batting: LHB Troy Donaldson 0-0: Ball
1-0: Foul Ball, location: 2F
1-1: Called Strike
1-2: Ball
2-2: Foul Ball, location: 2F
2-2: Ball
3-2: Fly out, F7 (Flyball, 7LMF)
Batting: RHB Paco Arellano 0-0: Called Strike
0-1: Fly out, F7 (Flyball, 7LM)
Bottom of the 1st over - 2 run(s), 2 hit(s), 0 error(s), 0 left on base; Baffin Island 0 - Fresno 2
TOP OF THE 2ND
Baffin Island Beavers batting - Pitching for Fresno Deplorables : RHP Dionisio Penni
Batting: RHB Tony Morton 0-0: Ball
1-0: Called Strike
1-1: Ball
2-1: Called Strike
2-2: Ground out 5-3 (Groundball, 5L)
Batting: LHB Mario García 0-0: Called Strike
0-1: Foul Ball, location: 2F
0-2: Ball
1-2: Foul Ball, location: 2F
1-2: Strikes out swinging passed ball, reaches first!
Batting: RHB Dave Craig 0-0: Ball
1-0: Foul Ball, location: 2F
1-1: Ball
2-1: Fly out, F7 (Flyball, 7)
Batting: LHB Mike MacFadden 0-0: Ball
1-0: Called Strike
1-1: Foul Ball, location: 2F
1-2: Foul Ball, location: 2F
1-2: Strikes out swinging
Top of the 2nd over - 0 run(s), 0 hit(s), 0 error(s), 1 left on base; Baffin Island 0 - Fresno 2
BOTTOM OF THE 2ND
Fresno Deplorables batting - Pitching for Baffin Island Beavers : RHP Thierry Garneau
Batting: RHB Manolo Román 0-0: Called Strike
0-1: Called Strike
0-2: Ball
1-2: Foul Ball, location: 2F
1-2: Foul Ball, location: 2F
1-2: Foul Ball, location: 2F
1-2: Foul Ball, location: 2F
1-2: Fly out, F7 (Flyball, 7LMF)
Batting: RHB Aaron Scott 0-0: Foul Ball, location: 2F
0-1: Ball
1-1: Foul Ball, location: 2F
1-2: Fly out, F7 (Flyball, 7)
Batting: RHB Germán Rosales 0-0: Ball
1-0: Called Strike
1-1: SINGLE (Groundball, 56D)
Batting: RHB Teddy Bates 0-0: Foul Ball, location: 2F
0-1: Ball
1-1: Ball
2-1: Fly out, F7 (Flyball, 7S)
Bottom of the 2nd over - 0 run(s), 1 hit(s), 0 error(s), 1 left on base; Baffin Island 0 - Fresno 2
TOP OF THE 3RD
Baffin Island Beavers batting - Pitching for Fresno Deplorables : RHP Dionisio Penni
Batting: LHB Howard Evans 0-0: Ball
1-0: Called Strike
1-1: Ball
2-1: Foul Ball, location: 2F
2-2: Foul Ball, location: 2F
2-2: Foul Ball, location: 2F
2-2: Ball
3-2: Foul Ball, location: 2F
3-2: Base on Balls
Batting: LHB Norberto Muńóz 0-0: Called Strike
0-1: Ball
1-1: Ball
2-1: Grounds into double play, 6-4-3 (Groundball, 6MD)
Batting: LHB Chris Bates 0-0: Foul Ball, location: 2F
0-1: Called Strike
0-2: Strikes out swinging
Top of the 3rd over - 0 run(s), 0 hit(s), 0 error(s), 0 left on base; Baffin Island 0 - Fresno 2
BOTTOM OF THE 3RD
Fresno Deplorables batting - Pitching for Baffin Island Beavers : RHP Thierry Garneau
Batting: RHB Dani Vázquez 0-0: Ball
1-0: Foul Ball, location: 2F
1-1: Ball
2-1: Called Strike
2-2: Ball
3-2: Foul Ball, location: 2F
3-2: Foul Ball, location: 2F
3-2: Ground out 6-3 (Groundball, 6)
Batting: LHB Paul Mullins 0-0: Ground out 4-3 (Groundball, 4)
Batting: LHB Jeff Daniels 0-0: Foul Ball, location: 2F
0-1: Called Strike
0-2: Ball
1-2: Foul Ball, location: 2F
1-2: Ball
2-2: Foul Ball, location: 2F
2-2: Fly out, F8 (Flyball, 8RS)
Bottom of the 3rd over - 0 run(s), 0 hit(s), 0 error(s), 0 left on base; Baffin Island 0 - Fresno 2
TOP OF THE 4TH
Baffin Island Beavers batting - Pitching for Fresno Deplorables : RHP Dionisio Penni
Batting: SHB Alonso Ferreira 0-0: Ball
1-0: Ball
2-0: Called Strike
2-1: Foul Ball, location: 2F
2-2: Foul Ball, location: 2F
2-2: Foul Ball, location: 2F
2-2: Foul Ball, location: 2F
2-2: Ground out 4-3 (Groundball, 4)
Batting: LHB Lorenzo Villa 0-0: Ball
1-0: Ball
2-0: Swinging Strike
2-1: Foul Ball, location: 2F
2-2: Strikes out swinging
Batting: RHB Tony Morton 0-0: Ball
1-0: Ball
2-0: Ball
3-0: Called Strike
3-1: Ground out 4-3 (Groundball, 4MD)
Top of the 4th over - 0 run(s), 0 hit(s), 0 error(s), 0 left on base; Baffin Island 0 - Fresno 2
BOTTOM OF THE 4TH
Fresno Deplorables batting - Pitching for Baffin Island Beavers : RHP Thierry Garneau
Batting: LHB Troy Donaldson 0-0: Called Strike
0-1: Ground out 4-3 (Groundball, 4S)
Batting: RHB Paco Arellano 0-0: SINGLE (Groundball, 6MD)
Batting: RHB Manolo Román 0-0: Called Strike
0-1: Foul Ball, location: 2F
0-2: Ball
1-2: Fly out, F7 (Flyball, 7D)
Batting: RHB Aaron Scott 0-0: Ball
1-0: Ball
2-0: Called Strike
2-1: Ball
3-1: Called Strike
3-2: Foul Ball, location: 2F
3-2: Foul Ball, location: 2F
3-2: Foul Ball, location: 2F
3-2: SINGLE (Groundball, 56) (infield hit)
Paco Arellano to second
Batting: RHB Germán Rosales 0-0: Called Strike
0-1: Ground out 1-3 (Groundball, 13)
Bottom of the 4th over - 0 run(s), 2 hit(s), 0 error(s), 2 left on base; Baffin Island 0 - Fresno 2
TOP OF THE 5TH
Baffin Island Beavers batting - Pitching for Fresno Deplorables : RHP Dionisio Penni
Batting: LHB Mario García 0-0: SINGLE (Groundball, 3D)
Batting: RHB Dave Craig 0-0: Ball
1-0: Ball
2-0: Called Strike
2-1: Ball
3-1: Base on Balls
Mario García to second
Batting: LHB Mike MacFadden 0-0: Ball
1-0: Ball
2-0: Called Strike
2-1: Foul Ball, location: 2F
2-2: Strikes out swinging
Batting: LHB Howard Evans 0-0: Swinging Strike
0-1: Ball
1-1: Grounds into double play, 6-4-3 (Groundball, 6)
Top of the 5th over - 0 run(s), 1 hit(s), 0 error(s), 1 left on base; Baffin Island 0 - Fresno 2
BOTTOM OF THE 5TH
Fresno Deplorables batting - Pitching for Baffin Island Beavers : RHP Thierry Garneau
Batting: RHB Teddy Bates 0-0: Ball
1-0: Called Strike
1-1: Swinging Strike
1-2: Ball
2-2: Strikes out looking
Batting: RHB Dani Vázquez 0-0: Ball
1-0: Foul Ball, location: 2F
1-1: Foul Ball, location: 2F
1-2: SINGLE (Groundball, 6D)
Batting: LHB Paul Mullins 0-0: Called Strike
0-1: Called Strike
0-2: Ball
1-2: Ball
2-2: Foul Ball, location: 2F
2-2: Strikes out swinging
Batting: LHB Jeff Daniels 0-0: Ball
1-0: Swinging Strike
1-1: Fielders Choice at 2nd, 4-6 (Groundball, 34)
Bottom of the 5th over - 0 run(s), 1 hit(s), 0 error(s), 0 left on base; Baffin Island 0 - Fresno 2
TOP OF THE 6TH
Baffin Island Beavers batting - Pitching for Fresno Deplorables : RHP Dionisio Penni
Batting: LHB Norberto Muńóz 0-0: Called Strike
0-1: Ground out 3-1 (Groundball, 34S)
Batting: LHB Chris Bates 0-0: DOUBLE (Line Drive, 9LM)
Batting: SHB Alonso Ferreira 0-0: Ball
1-0: Ball
Chris Bates steals 3rd base
2-0: Called Strike
2-1: Foul Ball, location: 2F
2-2: Fly out, F7 (Flyball, 7)
Runner from 3rd tags up, SCORES, throw made
Batting: LHB Lorenzo Villa 0-0: Ball
1-0: Fly out, F6 (Line Drive, 6)
Top of the 6th over - 1 run(s), 1 hit(s), 0 error(s), 0 left on base; Baffin Island 1 - Fresno 2
BOTTOM OF THE 6TH
Fresno Deplorables batting - Pitching for Baffin Island Beavers : RHP Thierry Garneau
Pitching: RHP Colm Stewart
Batting: LHB Troy Donaldson 0-0: Swinging Strike
0-1: Ball
1-1: Foul Ball, location: 2F
1-2: Ball
2-2: Strikes out swinging
Batting: RHB Paco Arellano 0-0: Swinging Strike
0-1: Called Strike
0-2: Foul Ball, location: 2F
0-2: Fly out, F4 (Flyball, 34D)
Batting: RHB Manolo Román 0-0: Ball
1-0: Fly out, F7 (Flyball, 7)
Bottom of the 6th over - 0 run(s), 0 hit(s), 0 error(s), 0 left on base; Baffin Island 1 - Fresno 2
TOP OF THE 7TH
Baffin Island Beavers batting - Pitching for Fresno Deplorables : RHP Dionisio Penni
Batting: RHB Tony Morton 0-0: Foul Ball, location: 2F
0-1: Ball
1-1: Called Strike
1-2: Ball
2-2: Ball
3-2: Strikes out swinging
Batting: LHB Mario García 0-0: Called Strike
0-1: Foul Ball, location: 2F
0-2: Ball
1-2: Ball
2-2: Foul Ball, location: 2F
2-2: Ball
3-2: Ground out U3 (Groundball, 3L)
Batting: RHB Dave Craig 0-0: Ball
1-0: Ball
2-0: Called Strike
2-1: Ball
3-1: SINGLE (Line Drive, 56)
Batting: LHB Mike MacFadden 0-0: Ball
1-0: Ball
2-0: Swinging Strike
2-1: Foul Ball, location: 2F
2-2: SINGLE (Groundball, 4MD)
Dave Craig to second
Pitching: LHP Rubén Martínez
Pinch Hitting: LHB Keng-chi Lao 0-0: Ball
1-0: Swinging Strike
1-1: Called Strike
1-2: Foul Ball, location: 2F
1-2: Strikes out swinging
Top of the 7th over - 0 run(s), 2 hit(s), 0 error(s), 2 left on base; Baffin Island 1 - Fresno 2
BOTTOM OF THE 7TH
Fresno Deplorables batting - Pitching for Baffin Island Beavers : RHP Colm Stewart
Now at 3B: Keng-chi Lao
Batting: RHB Aaron Scott 0-0: Ball
1-0: Ground out 1-3 (Groundball, 13S)
Batting: RHB Germán Rosales 0-0: Called Strike
0-1: Ball
1-1: Foul Ball, location: 2F
1-2: Ball
2-2: Fly out, F9 (Flyball, 9LS)
Batting: RHB Teddy Bates 0-0: Ball
1-0: Called Strike
1-1: Fly out, F8 (Flyball, 8LM)
Bottom of the 7th over - 0 run(s), 0 hit(s), 0 error(s), 0 left on base; Baffin Island 1 - Fresno 2
TOP OF THE 8TH
Baffin Island Beavers batting - Pitching for Fresno Deplorables : LHP Rubén Martínez
Batting: LHB Norberto Muńóz 0-0: SINGLE (Groundball, 3D)
Batting: LHB Chris Bates 0-0: Reached on error, E3 (Groundball, 34)
Norberto Muńóz to second
Batting: SHB Alonso Ferreira 0-0: SINGLE (Line Drive, 34D)
Norberto Muńóz to third
Chris Bates to second
Runner from 3rd tries for Home, SAFE, throw made home
Chris Bates to third
Alonso Ferreira to second
Batting: LHB Lorenzo Villa 0-0: Ball
1-0: Ball
2-0: Called Strike
2-1: Called Strike
2-2: Reached on error, E4 (Groundball, 4S)
Chris Bates scores
Alonso Ferreira to third
Batting: RHB Tony Morton 0-0: Ball
1-0: Swinging Strike
1-1: Fly out, F4 (Popup, 34D)
Pinch Hitting: RHB Raúl Soto 0-0: Ball
1-0: Ball
2-0: Called Strike
2-1: Swinging Strike
2-2: Ball
3-2: Foul Ball, location: 2F
3-2: Foul Ball, location: 2F
3-2: Base on Balls
Lorenzo Villa to second
Batting: RHB Dave Craig 0-0: Swinging Strike
0-1: Ball
1-1: Grounds into double play, 6-2-3 (Groundball, 6)
Top of the 8th over - 2 run(s), 2 hit(s), 2 error(s), 2 left on base; Baffin Island 3 - Fresno 2
BOTTOM OF THE 8TH
Fresno Deplorables batting - Pitching for Baffin Island Beavers : RHP Colm Stewart
Pitching: RHP Alonso Gallardo
Now in RF: Raúl Soto
Batting: RHB Dani Vázquez 0-0: Ball
1-0: Ball
2-0: Foul Ball, location: 2F
2-1: Ball
3-1: Fly out, F8 (Line Drive, 8LM)
Pitching: LHP Cecil Bonekamp
Batting: LHB Paul Mullins 0-0: Ground out U3 (Groundball, 34)
Batting: LHB Jeff Daniels 0-0: Ball
1-0: Ground out 6-3 (Groundball, 6)
Bottom of the 8th over - 0 run(s), 0 hit(s), 0 error(s), 0 left on base; Baffin Island 3 - Fresno 2
TOP OF THE 9TH
Baffin Island Beavers batting - Pitching for Fresno Deplorables : LHP Rubén Martínez
Batting: LHB Mike MacFadden 0-0: Ball
1-0: Foul Ball, location: 2F
1-1: Swinging Strike
1-2: Ball
2-2: Strikes out swinging
Batting: LHB Keng-chi Lao 0-0: SINGLE (Flyball, 8LS)
Batting: LHB Norberto Muńóz Pickoff Throw to First - Error! E1
Keng-chi Lao to second
0-0: Foul Ball, location: 2F
0-1: Foul Ball, location: 2F
0-2: Foul Ball, location: 2F
0-2: Foul Ball, location: 2F
0-2: Ball
1-2: Ball
2-2: Foul Ball, location: 2F
2-2: Foul Ball, location: 2F
2-2: Ground out U3 (Groundball, 3)
Keng-chi Lao to third
Batting: LHB Chris Bates 0-0: Ball
1-0: Ball
2-0: Called Strike
2-1: Called Strike
2-2: Ball
3-2: Foul Ball, location: 2F
3-2: Ground out 1-3 (Groundball, 13)
Top of the 9th over - 0 run(s), 1 hit(s), 1 error(s), 1 left on base; Baffin Island 3 - Fresno 2
BOTTOM OF THE 9TH
Fresno Deplorables batting - Pitching for Baffin Island Beavers : LHP Cecil Bonekamp
Pitching: LHP Edgardo Guzmán
Batting: LHB Troy Donaldson 0-0: Called Strike
0-1: Ball
1-1: Foul Ball, location: 2F
1-2: Fly out, F8 (Flyball, 8LD)
Batting: RHB Paco Arellano 0-0: Called Strike
0-1: Ball
1-1: Foul Ball, location: 2F
1-2: Foul Ball, location: 2F
1-2: Foul Ball, location: 2F
1-2: Strikes out looking
Batting: RHB Manolo Román 0-0: Swinging Strike
0-1: Foul Ball, location: 2F
0-2: Strikes out swinging
Bottom of the 9th over - 0 run(s), 0 hit(s), 0 error(s), 0 left on base; Baffin Island 3 - Fresno 2
Thursday, March 30th, 2017 - OOTP Baseball 17.12 Build 75